 Dungeon Crawl Stone Soup version 0.29-a0-371-g91724d5b39 (webtiles) character file.

Game seed: 10891044494494879216

105 NinjaNoafa the Sneak (level 4, -6/30 HPs)
             Began as an Octopode Brigand on May 2, 2022.
             Mangled by a hobgoblin
             ... wielding a +0 trident
              (9 damage)
             ... on level 3 of the Dungeon.
             The game lasted 00:02:42 (2503 turns).

NinjaNoafa the Sneak (Octopode Brigand)             Turns: 2503, Time: 00:02:42

Health: -6/30      AC:  1    Str: 10    XL:     4   Next: 81%
Magic:  4/4        EV: 13    Int: 13    God:
Gold:   125        SH:  0    Dex: 15    Spells: 3/3 levels left

rFire   . . .      SeeInvis .   a - +2 dagger
rCold   . . .      Faith    .   (no shield)
rNeg    . . .      Spirit   .   (helmet restricted)
rPois   .          Reflect  .   (no amulet)
rElec   .          Harm     .   (no ring)
rCorr   .          Rampage  .   (no ring)
Will    .....                   (no ring)
Stlth   ++++......              (no ring)
HPRegen 0.10/turn               (no ring)
MPRegen 0.09/turn               (no ring)
                                (no ring)
                                (no ring)

@: invisible
A: almost no armour, amphibious, 8 rings, camouflage 1, gelatinous body 1,
(nimble swimmer 1), tentacles
a: no special abilities


You were on level 3 of the Dungeon.
You visited 1 branch of the dungeon, and saw 3 of its levels.

You collected 125 gold pieces.

Inventory:

Hand Weapons
 a - a +2 dagger (weapon)
Missiles
 b - 4 poisoned darts (quivered)
 c - 3 curare-tipped darts
 f - 6 silver boomerangs
 m - 4 boomerangs
Armour
 e - an orb of guile
Scrolls
 d - 2 scrolls of teleportation {unknown}
 h - 2 scrolls of silence {unknown}
 i - a scroll of enchant armour {unknown}
 l - a scroll of immolation {unknown}
 n - 3 scrolls of identify {unknown}
 p - a scroll of amnesia {unknown}
Potions
 j - a potion of curing {unknown}
 k - a potion of resistance {unknown}
 o - 2 potions of lignification {unknown}


   Skills:
 + Level 2.7 Fighting
 + Level 2.7 Short Blades
 + Level 2.7 Throwing
 + Level 2.2 Dodging
 + Level 5.9 Stealth


You had 3 spell levels left.
You didn't know any spells.
Your spell library contained the following spells:

 Spells                   Type           Power      Damage    Failure   Level
 Sting                    Tmut/Pois      0%         1d3       30%         1
 Poisonous Vapours        Pois/Air       0%         N/A       43%         2
 Olgreb's Toxic Radiance  Pois           0%         N/A       97%         4


Dungeon Overview and Level Annotations

Branches:
Dungeon (3/15)

Altars:
Makhleb


Innate Abilities, Weirdness & Mutations

You cannot wear most types of armour.
You are amphibious.
You can wear up to eight rings at the same time.
Your skin changes colour to match your surroundings (Stealth+).
Your rubbery body absorbs attacks. (AC +1, EV +1)
((You are camouflaged when in or above water. (Stealth+)))
You have tentacles for arms and can constrict up to eight enemies at once.


Message History

Okay, then.
You release your grip on the orc.
The orc attacks as you move away! The orc completely misses you.
The orc attacks as you move away! The orc misses you.
The orc attacks as you move away! The orc closely misses you.
You are too injured to fight recklessly!
Throw: 8 darts (poison)
Press: ? - help, Q - select action, (/) - cycle Shift-Dir - straight line, f - orc
Aim: an orc, wielding a +0 hand axe and wearing a +0 scale mail (lightly wounded, 64% to hit)
You throw a poisoned dart. The poisoned dart hits the orc!
The orc is poisoned.
The orc is lightly wounded.
The orc hits you but does no damage.
The hobgoblin hits you from afar with a +0 trident.
* * * LOW HITPOINT WARNING * * *
You kill the orc!
You are too injured to fight recklessly!
Throw: 7 darts (poison)
Press: ? - help, Q - select action, (/) - cycle Shift-Dir - straight line, f - hobgoblin
Aim: a hobgoblin, wielding a +0 trident (60% to hit)
You throw a poisoned dart. The poisoned dart hits the hobgoblin.
The hobgoblin is poisoned.
Throw: 6 darts (poison)
Press: ? - help, Q - select action, (/) - cycle Shift-Dir - straight line, f - orc, p - hobgoblin
Aim: an orc, wielding a +0 mace and wearing a +0 leather armour (60% to hit)
You throw a poisoned dart. The poisoned dart hits the orc.
The hobgoblin closely misses you.
Throw: 5 darts (poison)
Press: ? - help, Q - select action, (/) - cycle Shift-Dir - straight line, f/p - orc
Aim: an orc, wielding a +0 mace and wearing a +0 leather armour (60% to hit)
You throw a poisoned dart.
The poisoned dart barely misses the orc.
The hobgoblin looks more healthy.
The hobgoblin closely misses you. The orc attacks as you move away!
The orc barely misses you.
A kobold comes into view. It is wielding a +0 whip.
It was a potion of invisibility.
You fade into invisibility!
The orc hits you with a +0 mace.
* * * LOW HITPOINT WARNING * * *
The hobgoblin hits you from afar with a +0 trident!
You die...

..#######...# #.#
#...# #.# #...# #.#
#...#
#.#######...######
###.#.((............
#...g.............†.
#.#o#....()..(....).
#@#######...#####.
#..K# #...# . #..##
#...# g #.## #...# o
#. #...# . #. ..>..
. .. ##.#.## ##


You could see an orc (can't see you), a hobgoblin (can't see you) and a kobold
(asleep).

Vanquished Creatures
  4 gnolls (D:3)
  2 adders (D:2)
  A worm (D:2)
  A dart slug (D:1)
  3 orcs (D:3)
  3 endoplasms
  2 giant cockroaches
  4 goblins
  4 hobgoblins
  3 jackals (D:1)
  A ball python (D:1)
  A bat (D:3)
  6 frilled lizards
  4 kobolds (D:1)
  3 rats
42 creatures vanquished.

Notes
Turn   | Place    | Note
-------+----------+-------------------------------------------
     0 | D:1      | NinjaNoafa the Octopode Brigand began the quest for the
                  | Orb.
     0 | D:1      | Reached XP level 1. HP: 14/14 MP: 1/1
    44 | D:1      | Reached XP level 2. HP: 7/19 MP: 2/2
   318 | D:1      | Found a faded altar of an unknown god.
   817 | D:1      | Reached XP level 3. HP: 24/24 MP: 3/3
  1059 | D:2      | Found a burning altar of Makhleb.
  2200 | D:3      | Reached XP level 4. HP: 14/30 MP: 4/4
  2503 | D:3      | Mangled by a hobgoblin

Illustrated notes

Levels and vault maps discovered:
D:1:      mrwooster_arrival_statue, layout_rooms,
          shapermc_ecumenical_altar_acropolis, minmay_fountain_box
D:2:      layout_basic, basic_altar, serial_bayou_pond_e
D:3:      layout_loops_cross

Skill      XL: |  1  2  3 |
---------------+----------+-----
Dodging        | 2 |  2.2
Fighting       | |  2.7
Short Blades   | |  2.7
Throwing       | |  2.7
Stealth        | |  5.9

Action                   |  1- 3 |  4- 6 || total
-------------------------+-------+-------++-------
Melee: Dagger            |    62 |    14 ||    76
       Constrict         |    15 |     6 ||    21
       Tentacles         |    10 |     3 ||    13
Throw: Boomerang         |    10 |     7 ||    17
       Dart              |     1 |    11 ||    12
  Use: Potion            |       |     1 ||     1
 Stab: Sleeping          |     7 |       ||     7
Armor: Skin              |     2 |     1 ||     3
Dodge: Dodged            |    36 |    18 ||    54

Table legend: (Time is in decaauts)
 A = Elapsed time spent in this place.
 B = Non-inter-level travel time spent in this place.
 C = Inter-level travel time spent in this place.
 D = Time resting spent in this place.
 E = Time spent auto-exploring this place.
 F = Levels seen in this place.
 G = Mean time per level.
                   A        B        C        D        E       F      G
               +--------+--------+--------+--------+--------+-----+--------+
         Total |   2495 |   2422 |     73 |      0 |   2113 |   3 |  831.7 |
       Dungeon |   2495 |   2422 |     73 |      0 |   2113 |   3 |  831.7 |
               +--------+--------+--------+--------+--------+-----+--------+

Top non-repeatable levels by time:
     D:2: 1129 daAuts
     D:1: 1018 daAuts
     D:3: 347 daAuts
